Workbook

Sheet Resumo
A1: Provisão gerencial de tributos
A2: =IF(OR(COUNT('Parâmetros'!$B$2:$B$3)<>2,'Parâmetros'!$B$3<'Parâmetros'!$B$2,NOT(ISNUMBER('Parâmetros'!$B$5)),'Parâmetros'!$B$4="",NOT(ISNUMBER('Parâmetros'!$B$4)),'Parâmetros'!$B$4<0,COUNT('Parâmetros'!$B$10:$B$12)<>3,MIN('Parâmetros'!$B$10:$B$12)<0,MAX('Parâmetros'!$B$10:$B$12)>1),"REVISAR PARÂMETROS","") | C2: Data de referência | D2: ='Parâmetros'!B5
A3: Receita bruta válida no período | B3: =SUMIFS('Receitas'!$F$2:$F$151,'Receitas'!$B$2:$B$151,">="&'Parâmetros'!$B$2,'Receitas'!$B$2:$B$151,"<="&'Parâmetros'!$B$3,'Receitas'!$K$2:$K$151,"OK")
A4: Cancelamentos e estornos válidos | B4: =SUMIFS('Receitas'!$G$2:$G$151,'Receitas'!$B$2:$B$151,">="&'Parâmetros'!$B$2,'Receitas'!$B$2:$B$151,"<="&'Parâmetros'!$B$3,'Receitas'!$K$2:$K$151,"OK")
A5: Base gerencial considerada | B5: =SUMIFS('Receitas'!$H$2:$H$151,'Receitas'!$B$2:$B$151,">="&'Parâmetros'!$B$2,'Receitas'!$B$2:$B$151,"<="&'Parâmetros'!$B$3,'Receitas'!$K$2:$K$151,"OK")
A6: Provisão estimada | B6: =SUMIFS('Receitas'!$J$2:$J$151,'Receitas'!$B$2:$B$151,">="&'Parâmetros'!$B$2,'Receitas'!$B$2:$B$151,"<="&'Parâmetros'!$B$3,'Receitas'!$K$2:$K$151,"OK")
A7: Valor já separado | B7: =IF(OR('Parâmetros'!$B$4="",NOT(ISNUMBER('Parâmetros'!$B$4))),"",'Parâmetros'!$B$4)
A8: Valor ainda a separar | B8: =IF(B6="","",MAX(0,B6-IF(B7="",0,B7)))
A9: Valor separado acima da estimativa | B9: =IF(B6="","",MAX(0,IF(B7="",0,B7)-B6))
A10: Percentual efetivo sobre a base | B10: =IF(OR(B5="",B5=0),"",B6/B5)
A11: Quantidade de lançamentos válidos | B11: =COUNTIFS('Receitas'!$B$2:$B$151,">="&'Parâmetros'!$B$2,'Receitas'!$B$2:$B$151,"<="&'Parâmetros'!$B$3,'Receitas'!$K$2:$K$151,"OK")
A12: Quantidade de pendências | B12: =COUNTIF('Receitas'!$K$2:$K$151,"Revisar:*")
A13: Quantidade de lançamentos fora do período | B13: =COUNTIF('Receitas'!$K$2:$K$151,"Fora do período")
A15: Detalhamento por natureza
A16: Natureza da receita | B16: Base gerencial | C16: Provisão estimada | D16: Percentual efetivo
A17: ='Parâmetros'!A10 | B17: =SUMIFS('Receitas'!$H$2:$H$151,'Receitas'!$D$2:$D$151,A17,'Receitas'!$B$2:$B$151,">="&'Parâmetros'!$B$2,'Receitas'!$B$2:$B$151,"<="&'Parâmetros'!$B$3,'Receitas'!$K$2:$K$151,"OK") | C17: =SUMIFS('Receitas'!$J$2:$J$151,'Receitas'!$D$2:$D$151,A17,'Receitas'!$B$2:$B$151,">="&'Parâmetros'!$B$2,'Receitas'!$B$2:$B$151,"<="&'Parâmetros'!$B$3,'Receitas'!$K$2:$K$151,"OK") | D17: =IF(OR(B17="",B17=0),"",C17/B17)
A18: ='Parâmetros'!A11 | B18: =SUMIFS('Receitas'!$H$2:$H$151,'Receitas'!$D$2:$D$151,A18,'Receitas'!$B$2:$B$151,">="&'Parâmetros'!$B$2,'Receitas'!$B$2:$B$151,"<="&'Parâmetros'!$B$3,'Receitas'!$K$2:$K$151,"OK") | C18: =SUMIFS('Receitas'!$J$2:$J$151,'Receitas'!$D$2:$D$151,A18,'Receitas'!$B$2:$B$151,">="&'Parâmetros'!$B$2,'Receitas'!$B$2:$B$151,"<="&'Parâmetros'!$B$3,'Receitas'!$K$2:$K$151,"OK") | D18: =IF(OR(B18="",B18=0),"",C18/B18)
A19: ='Parâmetros'!A12 | B19: =SUMIFS('Receitas'!$H$2:$H$151,'Receitas'!$D$2:$D$151,A19,'Receitas'!$B$2:$B$151,">="&'Parâmetros'!$B$2,'Receitas'!$B$2:$B$151,"<="&'Parâmetros'!$B$3,'Receitas'!$K$2:$K$151,"OK") | C19: =SUMIFS('Receitas'!$J$2:$J$151,'Receitas'!$D$2:$D$151,A19,'Receitas'!$B$2:$B$151,">="&'Parâmetros'!$B$2,'Receitas'!$B$2:$B$151,"<="&'Parâmetros'!$B$3,'Receitas'!$K$2:$K$151,"OK") | D19: =IF(OR(B19="",B19=0),"",C19/B19)
A21: Estimativa exclusivamente gerencial. Não substitui apuração ou orientação contábil e não representa tributo oficialmente devido.

Sheet Parâmetros
A1: Parâmetros gerenciais
A2: Data inicial do período | B2: 46266
A3: Data final do período | B3: 46295
A4: Valor já separado para o período | B4: 300
A5: Data de referência | B5: 46274
A7: Revise todas as células destacadas antes de consultar o Resumo.
A9: Natureza da receita | B9: Percentual gerencial de provisão | C9: Percentuais fictícios para demonstração; revise antes do uso.
A10: Serviços de beleza | B10: 0.08 | C10: Defina as premissas gerenciais com orientação contábil.
A11: Venda de produtos | B11: 0.06
A12: Outras receitas | B12: 0.08

Sheet Receitas
A1: Código | B1: Data da receita | C1: Competência — primeiro dia | D1: Natureza da receita | E1: Descrição | F1: Receita bruta | G1: Cancelamentos e estornos | H1: Base gerencial considerada | I1: Percentual gerencial | J1: Provisão estimada | K1: Status do lançamento | L1: Observações
A2: REC-001 | B2: 46266 | C2: =IF(OR(B2="",NOT(ISNUMBER(B2))),"",DATE(YEAR(B2),MONTH(B2),1)) | D2: Serviços de beleza | E2: Cortes e finalizações — lote fictício | F2: 1250 | G2: 0 | H2: =IF(F2="","",IF(NOT(ISNUMBER(F2)),"",IF(F2<0,"",IF(G2="",F2,IF(NOT(ISNUMBER(G2)),"",IF(OR(G2<0,G2>F2),"",F2-G2)))))) | I2: =IF(D2="","",IFERROR(VLOOKUP(D2,'Parâmetros'!$A$10:$B$12,2,FALSE),"")) | J2: =IF(OR(H2="",I2="",COUNT('Parâmetros'!$B$10:$B$12)<>3),"",IF(NOT(ISNUMBER(I2)),"",IF(OR(I2<0,I2>1),"",H2*I2))) | K2: =IF(COUNTA(A2:B2,D2:G2,L2)=0,"",IF(A2="","Revisar: código",IF(COUNTIF($A$2:$A$151,A2)>1,"Revisar: código duplicado",IF(OR(B2="",NOT(ISNUMBER(B2))),"Revisar: data",IF(OR(COUNT('Parâmetros'!$B$2:$B$3)<>2,'Parâmetros'!$B$3<'Parâmetros'!$B$2,NOT(ISNUMBER('Parâmetros'!$B$5)),COUNT('Parâmetros'!$B$10:$B$12)<>3,MIN('Parâmetros'!$B$10:$B$12)<0,MAX('Parâmetros'!$B$10:$B$12)>1),"Revisar: parâmetros",IF(B2>'Parâmetros'!$B$5,"Revisar: data futura",IF(D2="","Revisar: natureza",IF(OR(F2="",NOT(ISNUMBER(F2)),F2<0),"Revisar: receita",IF(AND(G2<>"",NOT(ISNUMBER(G2))),"Revisar: estorno",IF(AND(ISNUMBER(G2),OR(G2<0,G2>F2)),"Revisar: estorno",IF(OR(I2="",NOT(ISNUMBER(I2))),"Revisar: percentual",IF(OR(B2<'Parâmetros'!$B$2,B2>'Parâmetros'!$B$3),"Fora do período","OK"))))))))))))
A3: REC-002 | B3: 46267 | C3: =IF(OR(B3="",NOT(ISNUMBER(B3))),"",DATE(YEAR(B3),MONTH(B3),1)) | D3: Venda de produtos | E3: Produtos capilares — lote fictício | F3: 420 | G3: 20 | H3: =IF(F3="","",IF(NOT(ISNUMBER(F3)),"",IF(F3<0,"",IF(G3="",F3,IF(NOT(ISNUMBER(G3)),"",IF(OR(G3<0,G3>F3),"",F3-G3)))))) | I3: =IF(D3="","",IFERROR(VLOOKUP(D3,'Parâmetros'!$A$10:$B$12,2,FALSE),"")) | J3: =IF(OR(H3="",I3="",COUNT('Parâmetros'!$B$10:$B$12)<>3),"",IF(NOT(ISNUMBER(I3)),"",IF(OR(I3<0,I3>1),"",H3*I3))) | K3: =IF(COUNTA(A3:B3,D3:G3,L3)=0,"",IF(A3="","Revisar: código",IF(COUNTIF($A$2:$A$151,A3)>1,"Revisar: código duplicado",IF(OR(B3="",NOT(ISNUMBER(B3))),"Revisar: data",IF(OR(COUNT('Parâmetros'!$B$2:$B$3)<>2,'Parâmetros'!$B$3<'Parâmetros'!$B$2,NOT(ISNUMBER('Parâmetros'!$B$5)),COUNT('Parâmetros'!$B$10:$B$12)<>3,MIN('Parâmetros'!$B$10:$B$12)<0,MAX('Parâmetros'!$B$10:$B$12)>1),"Revisar: parâmetros",IF(B3>'Parâmetros'!$B$5,"Revisar: data futura",IF(D3="","Revisar: natureza",IF(OR(F3="",NOT(ISNUMBER(F3)),F3<0),"Revisar: receita",IF(AND(G3<>"",NOT(ISNUMBER(G3))),"Revisar: estorno",IF(AND(ISNUMBER(G3),OR(G3<0,G3>F3)),"Revisar: estorno",IF(OR(I3="",NOT(ISNUMBER(I3))),"Revisar: percentual",IF(OR(B3<'Parâmetros'!$B$2,B3>'Parâmetros'!$B$3),"Fora do período","OK"))))))))))))
A4: REC-003 | B4: 46268 | C4: =IF(OR(B4="",NOT(ISNUMBER(B4))),"",DATE(YEAR(B4),MONTH(B4),1)) | D4: Serviços de beleza | E4: Serviços de manicure — lote fictício | F4: 980 | G4: 0 | H4: =IF(F4="","",IF(NOT(ISNUMBER(F4)),"",IF(F4<0,"",IF(G4="",F4,IF(NOT(ISNUMBER(G4)),"",IF(OR(G4<0,G4>F4),"",F4-G4)))))) | I4: =IF(D4="","",IFERROR(VLOOKUP(D4,'Parâmetros'!$A$10:$B$12,2,FALSE),"")) | J4: =IF(OR(H4="",I4="",COUNT('Parâmetros'!$B$10:$B$12)<>3),"",IF(NOT(ISNUMBER(I4)),"",IF(OR(I4<0,I4>1),"",H4*I4))) | K4: =IF(COUNTA(A4:B4,D4:G4,L4)=0,"",IF(A4="","Revisar: código",IF(COUNTIF($A$2:$A$151,A4)>1,"Revisar: código duplicado",IF(OR(B4="",NOT(ISNUMBER(B4))),"Revisar: data",IF(OR(COUNT('Parâmetros'!$B$2:$B$3)<>2,'Parâmetros'!$B$3<'Parâmetros'!$B$2,NOT(ISNUMBER('Parâmetros'!$B$5)),COUNT('Parâmetros'!$B$10:$B$12)<>3,MIN('Parâmetros'!$B$10:$B$12)<0,MAX('Parâmetros'!$B$10:$B$12)>1),"Revisar: parâmetros",IF(B4>'Parâmetros'!$B$5,"Revisar: data futura",IF(D4="","Revisar: natureza",IF(OR(F4="",NOT(ISNUMBER(F4)),F4<0),"Revisar: receita",IF(AND(G4<>"",NOT(ISNUMBER(G4))),"Revisar: estorno",IF(AND(ISNUMBER(G4),OR(G4<0,G4>F4)),"Revisar: estorno",IF(OR(I4="",NOT(ISNUMBER(I4))),"Revisar: percentual",IF(OR(B4<'Parâmetros'!$B$2,B4>'Parâmetros'!$B$3),"Fora do período","OK"))))))))))))
A5: REC-004 | B5: 46269 | C5: =IF(OR(B5="",NOT(ISNUMBER(B5))),"",DATE(YEAR(B5),MONTH(B5),1)) | D5: Outras receitas | E5: Receita acessória fictícia | F5: 150 | G5: 0 | H5: =IF(F5="","",IF(NOT(ISNUMBER(F5)),"",IF(F5<0,"",IF(G5="",F5,IF(NOT(ISNUMBER(G5)),"",IF(OR(G5<0,G5>F5),"",F5-G5)))))) | I5: =IF(D5="","",IFERROR(VLOOKUP(D5,'Parâmetros'!$A$10:$B$12,2,FALSE),"")) | J5: =IF(OR(H5="",I5="",COUNT('Parâmetros'!$B$10:$B$12)<>3),"",IF(NOT(ISNUMBER(I5)),"",IF(OR(I5<0,I5>1),"",H5*I5))) | K5: =IF(COUNTA(A5:B5,D5:G5,L5)=0,"",IF(A5="","Revisar: código",IF(COUNTIF($A$2:$A$151,A5)>1,"Revisar: código duplicado",IF(OR(B5="",NOT(ISNUMBER(B5))),"Revisar: data",IF(OR(COUNT('Parâmetros'!$B$2:$B$3)<>2,'Parâmetros'!$B$3<'Parâmetros'!$B$2,NOT(ISNUMBER('Parâmetros'!$B$5)),COUNT('Parâmetros'!$B$10:$B$12)<>3,MIN('Parâmetros'!$B$10:$B$12)<0,MAX('Parâmetros'!$B$10:$B$12)>1),"Revisar: parâmetros",IF(B5>'Parâmetros'!$B$5,"Revisar: data futura",IF(D5="","Revisar: natureza",IF(OR(F5="",NOT(ISNUMBER(F5)),F5<0),"Revisar: receita",IF(AND(G5<>"",NOT(ISNUMBER(G5))),"Revisar: estorno",IF(AND(ISNUMBER(G5),OR(G5<0,G5>F5)),"Revisar: estorno",IF(OR(I5="",NOT(ISNUMBER(I5))),"Revisar: percentual",IF(OR(B5<'Parâmetros'!$B$2,B5>'Parâmetros'!$B$3),"Fora do período","OK"))))))))))))
A6: REC-005 | B6: 46270 | C6: =IF(OR(B6="",NOT(ISNUMBER(B6))),"",DATE(YEAR(B6),MONTH(B6),1)) | D6: Serviços de beleza | E6: Serviços de barbearia — lote fictício | F6: 1600 | G6: 100 | H6: =IF(F6="","",IF(NOT(ISNUMBER(F6)),"",IF(F6<0,"",IF(G6="",F6,IF(NOT(ISNUMBER(G6)),"",IF(OR(G6<0,G6>F6),"",F6-G6)))))) | I6: =IF(D6="","",IFERROR(VLOOKUP(D6,'Parâmetros'!$A$10:$B$12,2,FALSE),"")) | J6: =IF(OR(H6="",I6="",COUNT('Parâmetros'!$B$10:$B$12)<>3),"",IF(NOT(ISNUMBER(I6)),"",IF(OR(I6<0,I6>1),"",H6*I6))) | K6: =IF(COUNTA(A6:B6,D6:G6,L6)=0,"",IF(A6="","Revisar: código",IF(COUNTIF($A$2:$A$151,A6)>1,"Revisar: código duplicado",IF(OR(B6="",NOT(ISNUMBER(B6))),"Revisar: data",IF(OR(COUNT('Parâmetros'!$B$2:$B$3)<>2,'Parâmetros'!$B$3<'Parâmetros'!$B$2,NOT(ISNUMBER('Parâmetros'!$B$5)),COUNT('Parâmetros'!$B$10:$B$12)<>3,MIN('Parâmetros'!$B$10:$B$12)<0,MAX('Parâmetros'!$B$10:$B$12)>1),"Revisar: parâmetros",IF(B6>'Parâmetros'!$B$5,"Revisar: data futura",IF(D6="","Revisar: natureza",IF(OR(F6="",NOT(ISNUMBER(F6)),F6<0),"Revisar: receita",IF(AND(G6<>"",NOT(ISNUMBER(G6))),"Revisar: estorno",IF(AND(ISNUMBER(G6),OR(G6<0,G6>F6)),"Revisar: estorno",IF(OR(I6="",NOT(ISNUMBER(I6))),"Revisar: percentual",IF(OR(B6<'Parâmetros'!$B$2,B6>'Parâmetros'!$B$3),"Fora do período","OK"))))))))))))
A7: REC-006 | B7: 46271 | C7: =IF(OR(B7="",NOT(ISNUMBER(B7))),"",DATE(YEAR(B7),MONTH(B7),1)) | D7: Venda de produtos | E7: Cosméticos — lote fictício | F7: 735.5 | G7: 35.5 | H7: =IF(F7="","",IF(NOT(ISNUMBER(F7)),"",IF(F7<0,"",IF(G7="",F7,IF(NOT(ISNUMBER(G7)),"",IF(OR(G7<0,G7>F7),"",F7-G7)))))) | I7: =IF(D7="","",IFERROR(VLOOKUP(D7,'Parâmetros'!$A$10:$B$12,2,FALSE),"")) | J7: =IF(OR(H7="",I7="",COUNT('Parâmetros'!$B$10:$B$12)<>3),"",IF(NOT(ISNUMBER(I7)),"",IF(OR(I7<0,I7>1),"",H7*I7))) | K7: =IF(COUNTA(A7:B7,D7:G7,L7)=0,"",IF(A7="","Revisar: código",IF(COUNTIF($A$2:$A$151,A7)>1,"Revisar: código duplicado",IF(OR(B7="",NOT(ISNUMBER(B7))),"Revisar: data",IF(OR(COUNT('Parâmetros'!$B$2:$B$3)<>2,'Parâmetros'!$B$3<'Parâmetros'!$B$2,NOT(ISNUMBER('Parâmetros'!$B$5)),COUNT('Parâmetros'!$B$10:$B$12)<>3,MIN('Parâmetros'!$B$10:$B$12)<0,MAX('Parâmetros'!$B$10:$B$12)>1),"Revisar: parâmetros",IF(B7>'Parâmetros'!$B$5,"Revisar: data futura",IF(D7="","Revisar: natureza",IF(OR(F7="",NOT(ISNUMBER(F7)),F7<0),"Revisar: receita",IF(AND(G7<>"",NOT(ISNUMBER(G7))),"Revisar: estorno",IF(AND(ISNUMBER(G7),OR(G7<0,G7>F7)),"Revisar: estorno",IF(OR(I7="",NOT(ISNUMBER(I7))),"Revisar: percentual",IF(OR(B7<'Parâmetros'!$B$2,B7>'Parâmetros'!$B$3),"Fora do período","OK"))))))))))))
A8: REC-007 | B8: 46272 | C8: =IF(OR(B8="",NOT(ISNUMBER(B8))),"",DATE(YEAR(B8),MONTH(B8),1)) | D8: Serviços de beleza | E8: Design de sobrancelhas — lote fictício | F8: 890 | G8: 0 | H8: =IF(F8="","",IF(NOT(ISNUMBER(F8)),"",IF(F8<0,"",IF(G8="",F8,IF(NOT(ISNUMBER(G8)),"",IF(OR(G8<0,G8>F8),"",F8-G8)))))) | I8: =IF(D8="","",IFERROR(VLOOKUP(D8,'Parâmetros'!$A$10:$B$12,2,FALSE),"")) | J8: =IF(OR(H8="",I8="",COUNT('Parâmetros'!$B$10:$B$12)<>3),"",IF(NOT(ISNUMBER(I8)),"",IF(OR(I8<0,I8>1),"",H8*I8))) | K8: =IF(COUNTA(A8:B8,D8:G8,L8)=0,"",IF(A8="","Revisar: código",IF(COUNTIF($A$2:$A$151,A8)>1,"Revisar: código duplicado",IF(OR(B8="",NOT(ISNUMBER(B8))),"Revisar: data",IF(OR(COUNT('Parâmetros'!$B$2:$B$3)<>2,'Parâmetros'!$B$3<'Parâmetros'!$B$2,NOT(ISNUMBER('Parâmetros'!$B$5)),COUNT('Parâmetros'!$B$10:$B$12)<>3,MIN('Parâmetros'!$B$10:$B$12)<0,MAX('Parâmetros'!$B$10:$B$12)>1),"Revisar: parâmetros",IF(B8>'Parâmetros'!$B$5,"Revisar: data futura",IF(D8="","Revisar: natureza",IF(OR(F8="",NOT(ISNUMBER(F8)),F8<0),"Revisar: receita",IF(AND(G8<>"",NOT(ISNUMBER(G8))),"Revisar: estorno",IF(AND(ISNUMBER(G8),OR(G8<0,G8>F8)),"Revisar: estorno",IF(OR(I8="",NOT(ISNUMBER(I8))),"Revisar: percentual",IF(OR(B8<'Parâmetros'!$B$2,B8>'Parâmetros'!$B$3),"Fora do período","OK"))))))))))))
A9: REC-008 | B9: 46273 | C9: =IF(OR(B9="",NOT(ISNUMBER(B9))),"",DATE(YEAR(B9),MONTH(B9),1)) | D9: Serviços de beleza | E9: Penteados — lote fictício | F9: 1110 | G9: 10 | H9: =IF(F9="","",IF(NOT(ISNUMBER(F9)),"",IF(F9<0,"",IF(G9="",F9,IF(NOT(ISNUMBER(G9)),"",IF(OR(G9<0,G9>F9),"",F9-G9)))))) | I9: =IF(D9="","",IFERROR(VLOOKUP(D9,'Parâmetros'!$A$10:$B$12,2,FALSE),"")) | J9: =IF(OR(H9="",I9="",COUNT('Parâmetros'!$B$10:$B$12)<>3),"",IF(NOT(ISNUMBER(I9)),"",IF(OR(I9<0,I9>1),"",H9*I9))) | K9: =IF(COUNTA(A9:B9,D9:G9,L9)=0,"",IF(A9="","Revisar: código",IF(COUNTIF($A$2:$A$151,A9)>1,"Revisar: código duplicado",IF(OR(B9="",NOT(ISNUMBER(B9))),"Revisar: data",IF(OR(COUNT('Parâmetros'!$B$2:$B$3)<>2,'Parâmetros'!$B$3<'Parâmetros'!$B$2,NOT(ISNUMBER('Parâmetros'!$B$5)),COUNT('Parâmetros'!$B$10:$B$12)<>3,MIN('Parâmetros'!$B$10:$B$12)<0,MAX('Parâmetros'!$B$10:$B$12)>1),"Revisar: parâmetros",IF(B9>'Parâmetros'!$B$5,"Revisar: data futura",IF(D9="","Revisar: natureza",IF(OR(F9="",NOT(ISNUMBER(F9)),F9<0),"Revisar: receita",IF(AND(G9<>"",NOT(ISNUMBER(G9))),"Revisar: estorno",IF(AND(ISNUMBER(G9),OR(G9<0,G9>F9)),"Revisar: estorno",IF(OR(I9="",NOT(ISNUMBER(I9))),"Revisar: percentual",IF(OR(B9<'Parâmetros'!$B$2,B9>'Parâmetros'!$B$3),"Fora do período","OK"))))))))))))
A10: REC-009 | B10: 46265 | C10: =IF(OR(B10="",NOT(ISNUMBER(B10))),"",DATE(YEAR(B10),MONTH(B10),1)) | D10: Venda de produtos | E10: Venda anterior — lote fictício | F10: 300 | G10: 0 | H10: =IF(F10="","",IF(NOT(ISNUMBER(F10)),"",IF(F10<0,"",IF(G10="",F10,IF(NOT(ISNUMBER(G10)),"",IF(OR(G10<0,G10>F10),"",F10-G10)))))) | I10: =IF(D10="","",IFERROR(VLOOKUP(D10,'Parâmetros'!$A$10:$B$12,2,FALSE),"")) | J10: =IF(OR(H10="",I10="",COUNT('Parâmetros'!$B$10:$B$12)<>3),"",IF(NOT(ISNUMBER(I10)),"",IF(OR(I10<0,I10>1),"",H10*I10))) | K10: =IF(COUNTA(A10:B10,D10:G10,L10)=0,"",IF(A10="","Revisar: código",IF(COUNTIF($A$2:$A$151,A10)>1,"Revisar: código duplicado",IF(OR(B10="",NOT(ISNUMBER(B10))),"Revisar: data",IF(OR(COUNT('Parâmetros'!$B$2:$B$3)<>2,'Parâmetros'!$B$3<'Parâmetros'!$B$2,NOT(ISNUMBER('Parâmetros'!$B$5)),COUNT('Parâmetros'!$B$10:$B$12)<>3,MIN('Parâmetros'!$B$10:$B$12)<0,MAX('Parâmetros'!$B$10:$B$12)>1),"Revisar: parâmetros",IF(B10>'Parâmetros'!$B$5,"Revisar: data futura",IF(D10="","Revisar: natureza",IF(OR(F10="",NOT(ISNUMBER(F10)),F10<0),"Revisar: receita",IF(AND(G10<>"",NOT(ISNUMBER(G10))),"Revisar: estorno",IF(AND(ISNUMBER(G10),OR(G10<0,G10>F10)),"Revisar: estorno",IF(OR(I10="",NOT(ISNUMBER(I10))),"Revisar: percentual",IF(OR(B10<'Parâmetros'!$B$2,B10>'Parâmetros'!$B$3),"Fora do período","OK"))))))))))))
A11: REC-010 | B11: 46274 | C11: =IF(OR(B11="",NOT(ISNUMBER(B11))),"",DATE(YEAR(B11),MONTH(B11),1)) | D11: Outras receitas | E11: Teste fictício de estorno excessivo | F11: 200 | G11: 250 | H11: =IF(F11="","",IF(NOT(ISNUMBER(F11)),"",IF(F11<0,"",IF(G11="",F11,IF(NOT(ISNUMBER(G11)),"",IF(OR(G11<0,G11>F11),"",F11-G11)))))) | I11: =IF(D11="","",IFERROR(VLOOKUP(D11,'Parâmetros'!$A$10:$B$12,2,FALSE),"")) | J11: =IF(OR(H11="",I11="",COUNT('Parâmetros'!$B$10:$B$12)<>3),"",IF(NOT(ISNUMBER(I11)),"",IF(OR(I11<0,I11>1),"",H11*I11))) | K11: =IF(COUNTA(A11:B11,D11:G11,L11)=0,"",IF(A11="","Revisar: código",IF(COUNTIF($A$2:$A$151,A11)>1,"Revisar: código duplicado",IF(OR(B11="",NOT(ISNUMBER(B11))),"Revisar: data",IF(OR(COUNT('Parâmetros'!$B$2:$B$3)<>2,'Parâmetros'!$B$3<'Parâmetros'!$B$2,NOT(ISNUMBER('Parâmetros'!$B$5)),COUNT('Parâmetros'!$B$10:$B$12)<>3,MIN('Parâmetros'!$B$10:$B$12)<0,MAX('Parâmetros'!$B$10:$B$12)>1),"Revisar: parâmetros",IF(B11>'Parâmetros'!$B$5,"Revisar: data futura",IF(D11="","Revisar: natureza",IF(OR(F11="",NOT(ISNUMBER(F11)),F11<0),"Revisar: receita",IF(AND(G11<>"",NOT(ISNUMBER(G11))),"Revisar: estorno",IF(AND(ISNUMBER(G11),OR(G11<0,G11>F11)),"Revisar: estorno",IF(OR(I11="",NOT(ISNUMBER(I11))),"Revisar: percentual",IF(OR(B11<'Parâmetros'!$B$2,B11>'Parâmetros'!$B$3),"Fora do período","OK")))))))))))) | L11: Exemplo proposital para revisão.
C12: =IF(OR(B12="",NOT(ISNUMBER(B12))),"",DATE(YEAR(B12),MONTH(B12),1)) | H12: =IF(F12="","",IF(NOT(ISNUMBER(F12)),"",IF(F12<0,"",IF(G12="",F12,IF(NOT(ISNUMBER(G12)),"",IF(OR(G12<0,G12>F12),"",F12-G12)))))) | I12: =IF(D12="","",IFERROR(VLOOKUP(D12,'Parâmetros'!$A$10:$B$12,2,FALSE),"")) | J12: =IF(OR(H12="",I12="",COUNT('Parâmetros'!$B$10:$B$12)<>3),"",IF(NOT(ISNUMBER(I12)),"",IF(OR(I12<0,I12>1),"",H12*I12))) | K12: =IF(COUNTA(A12:B12,D12:G12,L12)=0,"",IF(A12="","Revisar: código",IF(COUNTIF($A$2:$A$151,A12)>1,"Revisar: código duplicado",IF(OR(B12="",NOT(ISNUMBER(B12))),"Revisar: data",IF(OR(COUNT('Parâmetros'!$B$2:$B$3)<>2,'Parâmetros'!$B$3<'Parâmetros'!$B$2,NOT(ISNUMBER('Parâmetros'!$B$5)),COUNT('Parâmetros'!$B$10:$B$12)<>3,MIN('Parâmetros'!$B$10:$B$12)<0,MAX('Parâmetros'!$B$10:$B$12)>1),"Revisar: parâmetros",IF(B12>'Parâmetros'!$B$5,"Revisar: data futura",IF(D12="","Revisar: natureza",IF(OR(F12="",NOT(ISNUMBER(F12)),F12<0),"Revisar: receita",IF(AND(G12<>"",NOT(ISNUMBER(G12))),"Revisar: estorno",IF(AND(ISNUMBER(G12),OR(G12<0,G12>F12)),"Revisar: estorno",IF(OR(I12="",NOT(ISNUMBER(I12))),"Revisar: percentual",IF(OR(B12<'Parâmetros'!$B$2,B12>'Parâmetros'!$B$3),"Fora do período","OK"))))))))))))
C13: =IF(OR(B13="",NOT(ISNUMBER(B13))),"",DATE(YEAR(B13),MONTH(B13),1)) | H13: =IF(F13="","",IF(NOT(ISNUMBER(F13)),"",IF(F13<0,"",IF(G13="",F13,IF(NOT(ISNUMBER(G13)),"",IF(OR(G13<0,G13>F13),"",F13-G13)))))) | I13: =IF(D13="","",IFERROR(VLOOKUP(D13,'Parâmetros'!$A$10:$B$12,2,FALSE),"")) | J13: =IF(OR(H13="",I13="",COUNT('Parâmetros'!$B$10:$B$12)<>3),"",IF(NOT(ISNUMBER(I13)),"",IF(OR(I13<0,I13>1),"",H13*I13))) | K13: =IF(COUNTA(A13:B13,D13:G13,L13)=0,"",IF(A13="","Revisar: código",IF(COUNTIF($A$2:$A$151,A13)>1,"Revisar: código duplicado",IF(OR(B13="",NOT(ISNUMBER(B13))),"Revisar: data",IF(OR(COUNT('Parâmetros'!$B$2:$B$3)<>2,'Parâmetros'!$B$3<'Parâmetros'!$B$2,NOT(ISNUMBER('Parâmetros'!$B$5)),COUNT('Parâmetros'!$B$10:$B$12)<>3,MIN('Parâmetros'!$B$10:$B$12)<0,MAX('Parâmetros'!$B$10:$B$12)>1),"Revisar: parâmetros",IF(B13>'Parâmetros'!$B$5,"Revisar: data futura",IF(D13="","Revisar: natureza",IF(OR(F13="",NOT(ISNUMBER(F13)),F13<0),"Revisar: receita",IF(AND(G13<>"",NOT(ISNUMBER(G13))),"Revisar: estorno",IF(AND(ISNUMBER(G13),OR(G13<0,G13>F13)),"Revisar: estorno",IF(OR(I13="",NOT(ISNUMBER(I13))),"Revisar: percentual",IF(OR(B13<'Parâmetros'!$B$2,B13>'Parâmetros'!$B$3),"Fora do período","OK"))))))))))))
C14: =IF(OR(B14="",NOT(ISNUMBER(B14))),"",DATE(YEAR(B14),MONTH(B14),1)) | H14: =IF(F14="","",IF(NOT(ISNUMBER(F14)),"",IF(F14<0,"",IF(G14="",F14,IF(NOT(ISNUMBER(G14)),"",IF(OR(G14<0,G14>F14),"",F14-G14)))))) | I14: =IF(D14="","",IFERROR(VLOOKUP(D14,'Parâmetros'!$A$10:$B$12,2,FALSE),"")) | J14: =IF(OR(H14="",I14="",COUNT('Parâmetros'!$B$10:$B$12)<>3),"",IF(NOT(ISNUMBER(I14)),"",IF(OR(I14<0,I14>1),"",H14*I14))) | K14: =IF(COUNTA(A14:B14,D14:G14,L14)=0,"",IF(A14="","Revisar: código",IF(COUNTIF($A$2:$A$151,A14)>1,"Revisar: código duplicado",IF(OR(B14="",NOT(ISNUMBER(B14))),"Revisar: data",IF(OR(COUNT('Parâmetros'!$B$2:$B$3)<>2,'Parâmetros'!$B$3<'Parâmetros'!$B$2,NOT(ISNUMBER('Parâmetros'!$B$5)),COUNT('Parâmetros'!$B$10:$B$12)<>3,MIN('Parâmetros'!$B$10:$B$12)<0,MAX('Parâmetros'!$B$10:$B$12)>1),"Revisar: parâmetros",IF(B14>'Parâmetros'!$B$5,"Revisar: data futura",IF(D14="","Revisar: natureza",IF(OR(F14="",NOT(ISNUMBER(F14)),F14<0),"Revisar: receita",IF(AND(G14<>"",NOT(ISNUMBER(G14))),"Revisar: estorno",IF(AND(ISNUMBER(G14),OR(G14<0,G14>F14)),"Revisar: estorno",IF(OR(I14="",NOT(ISNUMBER(I14))),"Revisar: percentual",IF(OR(B14<'Parâmetros'!$B$2,B14>'Parâmetros'!$B$3),"Fora do período","OK"))))))))))))
C15: =IF(OR(B15="",NOT(ISNUMBER(B15))),"",DATE(YEAR(B15),MONTH(B15),1)) | H15: =IF(F15="","",IF(NOT(ISNUMBER(F15)),"",IF(F15<0,"",IF(G15="",F15,IF(NOT(ISNUMBER(G15)),"",IF(OR(G15<0,G15>F15),"",F15-G15)))))) | I15: =IF(D15="","",IFERROR(VLOOKUP(D15,'Parâmetros'!$A$10:$B$12,2,FALSE),"")) | J15: =IF(OR(H15="",I15="",COUNT('Parâmetros'!$B$10:$B$12)<>3),"",IF(NOT(ISNUMBER(I15)),"",IF(OR(I15<0,I15>1),"",H15*I15))) | K15: =IF(COUNTA(A15:B15,D15:G15,L15)=0,"",IF(A15="","Revisar: código",IF(COUNTIF($A$2:$A$151,A15)>1,"Revisar: código duplicado",IF(OR(B15="",NOT(ISNUMBER(B15))),"Revisar: data",IF(OR(COUNT('Parâmetros'!$B$2:$B$3)<>2,'Parâmetros'!$B$3<'Parâmetros'!$B$2,NOT(ISNUMBER('Parâmetros'!$B$5)),COUNT('Parâmetros'!$B$10:$B$12)<>3,MIN('Parâmetros'!$B$10:$B$12)<0,MAX('Parâmetros'!$B$10:$B$12)>1),"Revisar: parâmetros",IF(B15>'Parâmetros'!$B$5,"Revisar: data futura",IF(D15="","Revisar: natureza",IF(OR(F15="",NOT(ISNUMBER(F15)),F15<0),"Revisar: receita",IF(AND(G15<>"",NOT(ISNUMBER(G15))),"Revisar: estorno",IF(AND(ISNUMBER(G15),OR(G15<0,G15>F15)),"Revisar: estorno",IF(OR(I15="",NOT(ISNUMBER(I15))),"Revisar: percentual",IF(OR(B15<'Parâmetros'!$B$2,B15>'Parâmetros'!$B$3),"Fora do período","OK"))))))))))))
C16: =IF(OR(B16="",NOT(ISNUMBER(B16))),"",DATE(YEAR(B16),MONTH(B16),1)) | H16: =IF(F16="","",IF(NOT(ISNUMBER(F16)),"",IF(F16<0,"",IF(G16="",F16,IF(NOT(ISNUMBER(G16)),"",IF(OR(G16<0,G16>F16),"",F16-G16)))))) | I16: =IF(D16="","",IFERROR(VLOOKUP(D16,'Parâmetros'!$A$10:$B$12,2,FALSE),"")) | J16: =IF(OR(H16="",I16="",COUNT('Parâmetros'!$B$10:$B$12)<>3),"",IF(NOT(ISNUMBER(I16)),"",IF(OR(I16<0,I16>1),"",H16*I16))) | K16: =IF(COUNTA(A16:B16,D16:G16,L16)=0,"",IF(A16="","Revisar: código",IF(COUNTIF($A$2:$A$151,A16)>1,"Revisar: código duplicado",IF(OR(B16="",NOT(ISNUMBER(B16))),"Revisar: data",IF(OR(COUNT('Parâmetros'!$B$2:$B$3)<>2,'Parâmetros'!$B$3<'Parâmetros'!$B$2,NOT(ISNUMBER('Parâmetros'!$B$5)),COUNT('Parâmetros'!$B$10:$B$12)<>3,MIN('Parâmetros'!$B$10:$B$12)<0,MAX('Parâmetros'!$B$10:$B$12)>1),"Revisar: parâmetros",IF(B16>'Parâmetros'!$B$5,"Revisar: data futura",IF(D16="","Revisar: natureza",IF(OR(F16="",NOT(ISNUMBER(F16)),F16<0),"Revisar: receita",IF(AND(G16<>"",NOT(ISNUMBER(G16))),"Revisar: estorno",IF(AND(ISNUMBER(G16),OR(G16<0,G16>F16)),"Revisar: estorno",IF(OR(I16="",NOT(ISNUMBER(I16))),"Revisar: percentual",IF(OR(B16<'Parâmetros'!$B$2,B16>'Parâmetros'!$B$3),"Fora do período","OK"))))))))))))
C17: =IF(OR(B17="",NOT(ISNUMBER(B17))),"",DATE(YEAR(B17),MONTH(B17),1)) | H17: =IF(F17="","",IF(NOT(ISNUMBER(F17)),"",IF(F17<0,"",IF(G17="",F17,IF(NOT(ISNUMBER(G17)),"",IF(OR(G17<0,G17>F17),"",F17-G17)))))) | I17: =IF(D17="","",IFERROR(VLOOKUP(D17,'Parâmetros'!$A$10:$B$12,2,FALSE),"")) | J17: =IF(OR(H17="",I17="",COUNT('Parâmetros'!$B$10:$B$12)<>3),"",IF(NOT(ISNUMBER(I17)),"",IF(OR(I17<0,I17>1),"",H17*I17))) | K17: =IF(COUNTA(A17:B17,D17:G17,L17)=0,"",IF(A17="","Revisar: código",IF(COUNTIF($A$2:$A$151,A17)>1,"Revisar: código duplicado",IF(OR(B17="",NOT(ISNUMBER(B17))),"Revisar: data",IF(OR(COUNT('Parâmetros'!$B$2:$B$3)<>2,'Parâmetros'!$B$3<'Parâmetros'!$B$2,NOT(ISNUMBER('Parâmetros'!$B$5)),COUNT('Parâmetros'!$B$10:$B$12)<>3,MIN('Parâmetros'!$B$10:$B$12)<0,MAX('Parâmetros'!$B$10:$B$12)>1),"Revisar: parâmetros",IF(B17>'Parâmetros'!$B$5,"Revisar: data futura",IF(D17="","Revisar: natureza",IF(OR(F17="",NOT(ISNUMBER(F17)),F17<0),"Revisar: receita",IF(AND(G17<>"",NOT(ISNUMBER(G17))),"Revisar: estorno",IF(AND(ISNUMBER(G17),OR(G17<0,G17>F17)),"Revisar: estorno",IF(OR(I17="",NOT(ISNUMBER(I17))),"Revisar: percentual",IF(OR(B17<'Parâmetros'!$B$2,B17>'Parâmetros'!$B$3),"Fora do período","OK"))))))))))))
C18: =IF(OR(B18="",NOT(ISNUMBER(B18))),"",DATE(YEAR(B18),MONTH(B18),1)) | H18: =IF(F18="","",IF(NOT(ISNUMBER(F18)),"",IF(F18<0,"",IF(G18="",F18,IF(NOT(ISNUMBER(G18)),"",IF(OR(G18<0,G18>F18),"",F18-G18)))))) | I18: =IF(D18="","",IFERROR(VLOOKUP(D18,'Parâmetros'!$A$10:$B$12,2,FALSE),"")) | J18: =IF(OR(H18="",I18="",COUNT('Parâmetros'!$B$10:$B$12)<>3),"",IF(NOT(ISNUMBER(I18)),"",IF(OR(I18<0,I18>1),"",H18*I18))) | K18: =IF(COUNTA(A18:B18,D18:G18,L18)=0,"",IF(A18="","Revisar: código",IF(COUNTIF($A$2:$A$151,A18)>1,"Revisar: código duplicado",IF(OR(B18="",NOT(ISNUMBER(B18))),"Revisar: data",IF(OR(COUNT('Parâmetros'!$B$2:$B$3)<>2,'Parâmetros'!$B$3<'Parâmetros'!$B$2,NOT(ISNUMBER('Parâmetros'!$B$5)),COUNT('Parâmetros'!$B$10:$B$12)<>3,MIN('Parâmetros'!$B$10:$B$12)<0,MAX('Parâmetros'!$B$10:$B$12)>1),"Revisar: parâmetros",IF(B18>'Parâmetros'!$B$5,"Revisar: data futura",IF(D18="","Revisar: natureza",IF(OR(F18="",NOT(ISNUMBER(F18)),F18<0),"Revisar: receita",IF(AND(G18<>"",NOT(ISNUMBER(G18))),"Revisar: estorno",IF(AND(ISNUMBER(G18),OR(G18<0,G18>F18)),"Revisar: estorno",IF(OR(I18="",NOT(ISNUMBER(I18))),"Revisar: percentual",IF(OR(B18<'Parâmetros'!$B$2,B18>'Parâmetros'!$B$3),"Fora do período","OK"))))))))))))
C19: =IF(OR(B19="",NOT(ISNUMBER(B19))),"",DATE(YEAR(B19),MONTH(B19),1)) | H19: =IF(F19="","",IF(NOT(ISNUMBER(F19)),"",IF(F19<0,"",IF(G19="",F19,IF(NOT(ISNUMBER(G19)),"",IF(OR(G19<0,G19>F19),"",F19-G19)))))) | I19: =IF(D19="","",IFERROR(VLOOKUP(D19,'Parâmetros'!$A$10:$B$12,2,FALSE),"")) | J19: =IF(OR(H19="",I19="",COUNT('Parâmetros'!$B$10:$B$12)<>3),"",IF(NOT(ISNUMBER(I19)),"",IF(OR(I19<0,I19>1),"",H19*I19))) | K19: =IF(COUNTA(A19:B19,D19:G19,L19)=0,"",IF(A19="","Revisar: código",IF(COUNTIF($A$2:$A$151,A19)>1,"Revisar: código duplicado",IF(OR(B19="",NOT(ISNUMBER(B19))),"Revisar: data",IF(OR(COUNT('Parâmetros'!$B$2:$B$3)<>2,'Parâmetros'!$B$3<'Parâmetros'!$B$2,NOT(ISNUMBER('Parâmetros'!$B$5)),COUNT('Parâmetros'!$B$10:$B$12)<>3,MIN('Parâmetros'!$B$10:$B$12)<0,MAX('Parâmetros'!$B$10:$B$12)>1),"Revisar: parâmetros",IF(B19>'Parâmetros'!$B$5,"Revisar: data futura",IF(D19="","Revisar: natureza",IF(OR(F19="",NOT(ISNUMBER(F19)),F19<0),"Revisar: receita",IF(AND(G19<>"",NOT(ISNUMBER(G19))),"Revisar: estorno",IF(AND(ISNUMBER(G19),OR(G19<0,G19>F19)),"Revisar: estorno",IF(OR(I19="",NOT(ISNUMBER(I19))),"Revisar: percentual",IF(OR(B19<'Parâmetros'!$B$2,B19>'Parâmetros'!$B$3),"Fora do período","OK"))))))))))))
C20: =IF(OR(B20="",NOT(ISNUMBER(B20))),"",DATE(YEAR(B20),MONTH(B20),1)) | H20: =IF(F20="","",IF(NOT(ISNUMBER(F20)),"",IF(F20<0,"",IF(G20="",F20,IF(NOT(ISNUMBER(G20)),"",IF(OR(G20<0,G20>F20),"",F20-G20)))))) | I20: =IF(D20="","",IFERROR(VLOOKUP(D20,'Parâmetros'!$A$10:$B$12,2,FALSE),"")) | J20: =IF(OR(H20="",I20="",COUNT('Parâmetros'!$B$10:$B$12)<>3),"",IF(NOT(ISNUMBER(I20)),"",IF(OR(I20<0,I20>1),"",H20*I20))) | K20: =IF(COUNTA(A20:B20,D20:G20,L20)=0,"",IF(A20="","Revisar: código",IF(COUNTIF($A$2:$A$151,A20)>1,"Revisar: código duplicado",IF(OR(B20="",NOT(ISNUMBER(B20))),"Revisar: data",IF(OR(COUNT('Parâmetros'!$B$2:$B$3)<>2,'Parâmetros'!$B$3<'Parâmetros'!$B$2,NOT(ISNUMBER('Parâmetros'!$B$5)),COUNT('Parâmetros'!$B$10:$B$12)<>3,MIN('Parâmetros'!$B$10:$B$12)<0,MAX('Parâmetros'!$B$10:$B$12)>1),"Revisar: parâmetros",IF(B20>'Parâmetros'!$B$5,"Revisar: data futura",IF(D20="","Revisar: natureza",IF(OR(F20="",NOT(ISNUMBER(F20)),F20<0),"Revisar: receita",IF(AND(G20<>"",NOT(ISNUMBER(G20))),"Revisar: estorno",IF(AND(ISNUMBER(G20),OR(G20<0,G20>F20)),"Revisar: estorno",IF(OR(I20="",NOT(ISNUMBER(I20))),"Revisar: percentual",IF(OR(B20<'Parâmetros'!$B$2,B20>'Parâmetros'!$B$3),"Fora do período","OK"))))))))))))
C21: =IF(OR(B21="",NOT(ISNUMBER(B21))),"",DATE(YEAR(B21),MONTH(B21),1)) | H21: =IF(F21="","",IF(NOT(ISNUMBER(F21)),"",IF(F21<0,"",IF(G21="",F21,IF(NOT(ISNUMBER(G21)),"",IF(OR(G21<0,G21>F21),"",F21-G21)))))) | I21: =IF(D21="","",IFERROR(VLOOKUP(D21,'Parâmetros'!$A$10:$B$12,2,FALSE),"")) | J21: =IF(OR(H21="",I21="",COUNT('Parâmetros'!$B$10:$B$12)<>3),"",IF(NOT(ISNUMBER(I21)),"",IF(OR(I21<0,I21>1),"",H21*I21))) | K21: =IF(COUNTA(A21:B21,D21:G21,L21)=0,"",IF(A21="","Revisar: código",IF(COUNTIF($A$2:$A$151,A21)>1,"Revisar: código duplicado",IF(OR(B21="",NOT(ISNUMBER(B21))),"Revisar: data",IF(OR(COUNT('Parâmetros'!$B$2:$B$3)<>2,'Parâmetros'!$B$3<'Parâmetros'!$B$2,NOT(ISNUMBER('Parâmetros'!$B$5)),COUNT('Parâmetros'!$B$10:$B$12)<>3,MIN('Parâmetros'!$B$10:$B$12)<0,MAX('Parâmetros'!$B$10:$B$12)>1),"Revisar: parâmetros",IF(B21>'Parâmetros'!$B$5,"Revisar: data futura",IF(D21="","Revisar: natureza",IF(OR(F21="",NOT(ISNUMBER(F21)),F21<0),"Revisar: receita",IF(AND(G21<>"",NOT(ISNUMBER(G21))),"Revisar: estorno",IF(AND(ISNUMBER(G21),OR(G21<0,G21>F21)),"Revisar: estorno",IF(OR(I21="",NOT(ISNUMBER(I21))),"Revisar: percentual",IF(OR(B21<'Parâmetros'!$B$2,B21>'Parâmetros'!$B$3),"Fora do período","OK"))))))))))))
C22: =IF(OR(B22="",NOT(ISNUMBER(B22))),"",DATE(YEAR(B22),MONTH(B22),1)) | H22: =IF(F22="","",IF(NOT(ISNUMBER(F22)),"",IF(F22<0,"",IF(G22="",F22,IF(NOT(ISNUMBER(G22)),"",IF(OR(G22<0,G22>F22),"",F22-G22)))))) | I22: =IF(D22="","",IFERROR(VLOOKUP(D22,'Parâmetros'!$A$10:$B$12,2,FALSE),"")) | J22: =IF(OR(H22="",I22="",COUNT('Parâmetros'!$B$10:$B$12)<>3),"",IF(NOT(ISNUMBER(I22)),"",IF(OR(I22<0,I22>1),"",H22*I22))) | K22: =IF(COUNTA(A22:B22,D22:G22,L22)=0,"",IF(A22="","Revisar: código",IF(COUNTIF($A$2:$A$151,A22)>1,"Revisar: código duplicado",IF(OR(B22="",NOT(ISNUMBER(B22))),"Revisar: data",IF(OR(COUNT('Parâmetros'!$B$2:$B$3)<>2,'Parâmetros'!$B$3<'Parâmetros'!$B$2,NOT(ISNUMBER('Parâmetros'!$B$5)),COUNT('Parâmetros'!$B$10:$B$12)<>3,MIN('Parâmetros'!$B$10:$B$12)<0,MAX('Parâmetros'!$B$10:$B$12)>1),"Revisar: parâmetros",IF(B22>'Parâmetros'!$B$5,"Revisar: data futura",IF(D22="","Revisar: natureza",IF(OR(F22="",NOT(ISNUMBER(F22)),F22<0),"Revisar: receita",IF(AND(G22<>"",NOT(ISNUMBER(G22))),"Revisar: estorno",IF(AND(ISNUMBER(G22),OR(G22<0,G22>F22)),"Revisar: estorno",IF(OR(I22="",NOT(ISNUMBER(I22))),"Revisar: percentual",IF(OR(B22<'Parâmetros'!$B$2,B22>'Parâmetros'!$B$3),"Fora do período","OK"))))))))))))
C23: =IF(OR(B23="",NOT(ISNUMBER(B23))),"",DATE(YEAR(B23),MONTH(B23),1)) | H23: =IF(F23="","",IF(NOT(ISNUMBER(F23)),"",IF(F23<0,"",IF(G23="",F23,IF(NOT(ISNUMBER(G23)),"",IF(OR(G23<0,G23>F23),"",F23-G23)))))) | I23: =IF(D23="","",IFERROR(VLOOKUP(D23,'Parâmetros'!$A$10:$B$12,2,FALSE),"")) | J23: =IF(OR(H23="",I23="",COUNT('Parâmetros'!$B$10:$B$12)<>3),"",IF(NOT(ISNUMBER(I23)),"",IF(OR(I23<0,I23>1),"",H23*I23))) | K23: =IF(COUNTA(A23:B23,D23:G23,L23)=0,"",IF(A23="","Revisar: código",IF(COUNTIF($A$2:$A$151,A23)>1,"Revisar: código duplicado",IF(OR(B23="",NOT(ISNUMBER(B23))),"Revisar: data",IF(OR(COUNT('Parâmetros'!$B$2:$B$3)<>2,'Parâmetros'!$B$3<'Parâmetros'!$B$2,NOT(ISNUMBER('Parâmetros'!$B$5)),COUNT('Parâmetros'!$B$10:$B$12)<>3,MIN('Parâmetros'!$B$10:$B$12)<0,MAX('Parâmetros'!$B$10:$B$12)>1),"Revisar: parâmetros",IF(B23>'Parâmetros'!$B$5,"Revisar: data futura",IF(D23="","Revisar: natureza",IF(OR(F23="",NOT(ISNUMBER(F23)),F23<0),"Revisar: receita",IF(AND(G23<>"",NOT(ISNUMBER(G23))),"Revisar: estorno",IF(AND(ISNUMBER(G23),OR(G23<0,G23>F23)),"Revisar: estorno",IF(OR(I23="",NOT(ISNUMBER(I23))),"Revisar: percentual",IF(OR(B23<'Parâmetros'!$B$2,B23>'Parâmetros'!$B$3),"Fora do período","OK"))))))))))))
... C151: =IF(OR(B151="",NOT(ISNUMBER(B151))),"",DATE(YEAR(B151),MONTH(B151),1)) | H151: =IF(F151="","",IF(NOT(ISNUMBER(F151)),"",IF(F151<0,"",IF(G151="",F151,IF(NOT(ISNUMBER(G151)),"",IF(OR(G151<0,G151>F151),"",F151-G151)))))) | I151: =IF(D151="","",IFERROR(VLOOKUP(D151,'Parâmetros'!$A$10:$B$12,2,FALSE),"")) | J151: =IF(OR(H151="",I151="",COUNT('Parâmetros'!$B$10:$B$12)<>3),"",IF(NOT(ISNUMBER(I151)),"",IF(OR(I151<0,I151>1),"",H151*I151))) | K151: =IF(COUNTA(A151:B151,D151:G151,L151)=0,"",IF(A151="","Revisar: código",IF(COUNTIF($A$2:$A$151,A151)>1,"Revisar: código duplicado",IF(OR(B151="",NOT(ISNUMBER(B151))),"Revisar: data",IF(OR(COUNT('Parâmetros'!$B$2:$B$3)<>2,'Parâmetros'!$B$3<'Parâmetros'!$B$2,NOT(ISNUMBER('Parâmetros'!$B$5)),COUNT('Parâmetros'!$B$10:$B$12)<>3,MIN('Parâmetros'!$B$10:$B$12)<0,MAX('Parâmetros'!$B$10:$B$12)>1),"Revisar: parâmetros",IF(B151>'Parâmetros'!$B$5,"Revisar: data futura",IF(D151="","Revisar: natureza",IF(OR(F151="",NOT(ISNUMBER(F151)),F151<0),"Revisar: receita",IF(AND(G151<>"",NOT(ISNUMBER(G151))),"Revisar: estorno",IF(AND(ISNUMBER(G151),OR(G151<0,G151>F151)),"Revisar: estorno",IF(OR(I151="",NOT(ISNUMBER(I151))),"Revisar: percentual",IF(OR(B151<'Parâmetros'!$B$2,B151>'Parâmetros'!$B$3),"Fora do período","OK"))))))))))))

Sheet Leia-me
A1: Leia-me — uso da pasta
A3: Finalidade | B3: Registrar receitas e aplicar percentuais gerenciais editáveis para estimar quanto separar como provisão de tributos em um período.
A4: Decisão apoiada | B4: Identificar a estimativa a reservar, o valor ainda não separado e os lançamentos que precisam de revisão.
A6: Sequência de uso
A7: 1. | B7: Revisar o período, a data de referência e os percentuais em Parâmetros.
A8: 2. | B8: Informar as receitas em Receitas.
A9: 3. | B9: Corrigir as linhas sinalizadas pelo status.
A10: 4. | B10: Consultar a estimativa e o valor ainda a separar em Resumo.
A12: Limites da pasta
A13: • | B13: Não apura tributos oficiais por regime, anexo, faixa, retenção ou município.
A14: • | B14: Não gera guias, vencimentos, obrigações, pagamentos ou lançamentos contábeis.
A15: • | B15: Não é fluxo de caixa, escrituração fiscal, agenda, sistema de pagamentos ou relatório contábil.
A16: • | B16: Os percentuais são premissas gerenciais fictícias e devem ser definidos com orientação contábil.
A17: • | B17: Não registre nome de cliente, dado pessoal sensível, prontuário ou informação clínica.
A19: Aviso | B19: Estimativa exclusivamente gerencial. Não substitui apuração ou orientação contábil e não representa tributo oficialmente devido.
